AoeStats
← jeff224171

Arabia

509825766Analyzed
1v1 RM · 3d ago on Sep 28, 2026· 45m 4s· 2 players
Game mode
Random Map
Map size
Tiny (2 player)
Population
200
Speed
Normal
Resources
Standard
Victory
Conquest
Starting age
Dark Age
Ending age
Imperial Age
RankedLock teamsTeams togetherTeam positionsShared explorationLock speedFull tech treeHidden civsTurbo modeCheats
Victory
Defeat
🇹🇼 Berbers · Taiwan
1295
+15
🇲🇽 Khmer · Mexico
1269
-15
pablo5256
8:12 Loom
10:07 Feudal Age
10:18 Man-at-Arms
10:47 Loom
12:38 Double-Bit Axe
13:33 Arson
20:30 Fletching
20:41 Scale Mail Armor
24:31 Castle Age
22:59 Forging
23:44 Bloodlines
26:18 Pikeman
27:33 Horse Collar
31:33 Wheelbarrow
31:34 Husbandry
32:42 Bow Saw
35:05 Iron Casting
36:45 Bodkin Arrow
40:51 Town Watch
41:24 Stone Mining
41:21 Town Watch
43:54 Scale Barding Armor
43:56 Light Cavalry
44:58 Chain Barding Armor
jeff224171
5:08 Loom
9:58 Feudal Age
11:09 Double-Bit Axe
11:07 Horse Collar
14:49 Gold Mining
17:48 Fletching
20:37 Forging
21:13 Scale Barding Armor
26:21 Castle Age
26:03 Bloodlines
27:28 Chain Barding Armor
27:46 Wheelbarrow
26:59 Town Watch
27:55 Gold Shaft Mining
27:34 Bow Saw
27:29 Heavy Plow
30:15 Iron Casting
31:22 Husbandry
34:19 Stone Mining
36:10 Stone Shaft Mining
42:29 Imperial Age
41:29 Light Cavalry
42:36 Fervor
43:06 Hand Cart
44:04 Plate Barding Armor
42:53 Cavalier
45:19 Blast Furnace
45:48 Conscription
Connection lost

Rejoining the realm…

Still unreachable

The connection could not be restored.

Session expired

The server has moved on; the page needs a fresh start.